 Dungeon Crawl Stone Soup version 0.27-a0-1378-gdefffd1ff6 (webtiles) character file.

Game seed: 11426752666960462973

232 funkygono the Magician (level 6, -1/47 HPs)
             Began as a Gnoll Wanderer on June 29, 2021.
             Slain by Duvessa (10 damage)
             ... on level 4 of the Dungeon.
             The game lasted 00:06:43 (3783 turns).

funkygono the Magician (Gnoll Wanderer)             Turns: 3783, Time: 00:06:44

Health: -1/47      AC: 14    Str: 12    XL:     6   Next: 4%
Magic:  13/13      EV:  3    Int: 12    God:
Gold:   158        SH:  0    Dex: 12    Spells: 14/15 levels left

rFire    . . .     SeeInvis .   m - +3 flail (pain)
rCold    . . .     Faith    +   (no shield)
rNeg     . . .     Spirit   .   f - +0 plate armour
rPois    .         Reflect  .   n - +0 helmet
rElec    .         Harm     .   (no cloak)
rCorr    +         Rampage  .   g - +0 pair of gloves
Will     .....                  (no boots)
Stlth    ..........             d - amulet of faith
HPRegen  0.15/turn              e - ring of resist corrosion
MPRegen  0.13/turn              (no ring)

@: no status effects
A: fangs 1, strong nose, distributed training
a: no special abilities


You were on level 4 of the Dungeon.
You visited 1 branch of the dungeon, and saw 4 of its levels.

You collected 158 gold pieces.

Inventory:

Hand Weapons
 a - a +2 dagger of holy wrath
 m - a +3 flail of pain (weapon)
Missiles
 c - 3 poisoned darts (quivered)
Armour
 f - a +0 plate armour (worn)
 g - a +0 pair of gloves (worn)
 j - a +0 ring mail
 n - a +0 helmet (worn)
Jewellery
 d - an amulet of faith (around neck)
 e - a ring of resist corrosion (left hand)
Scrolls
 k - a scroll of identify
Potions
 b - 2 potions of curing {unknown}
 h - a potion of haste
 i - a potion of flight
 l - a potion of magic


   Skills:
 + Level 3.1 Fighting
 + Level 1.7 Short Blades
 + Level 1.7 Long Blades
 + Level 4.9 Axes
 + Level 1.7 Maces & Flails
 + Level 1.7 Polearms
 + Level 1.7 Staves
 + Level 1.7 Slings
 + Level 1.7 Bows
 + Level 1.7 Crossbows
 + Level 3.1 Throwing
 + Level 4.9 Armour
 + Level 1.7 Dodging
 + Level 1.7 Stealth
 + Level 3.1 Shields
 + Level 1.7 Unarmed Combat
 + Level 5.3 Spellcasting
 + Level 1.3 Conjurations
 + Level 1.3 Hexes
 + Level 1.3 Summonings
 + Level 1.3 Necromancy
 + Level 1.3 Translocations
 + Level 1.3 Transmutations
 + Level 1.3 Fire Magic
 + Level 2.5 Ice Magic
 + Level 1.3 Air Magic
 + Level 1.3 Earth Magic
 + Level 1.3 Poison Magic
 + Level 2.0 Invocations
 + Level 1.7 Evocations


You had 14 spell levels left.
You knew the following spells:

 Your Spells              Type           Power      Damage    Failure   Level
a - Shock                 Conj/Air       24%        1d4       100%        1

Your spell library contained the following spells:

 Spells                   Type           Power      Damage    Failure   Level
 Conjure Flame            Conj/Fire      6%         6-21      100%        3


Dungeon Overview and Level Annotations

Branches:
Dungeon (4/15)
 Temple: D:4-7

Altars:
Sif Muna

Annotations:
D:4 Duvessa


Innate Abilities, Weirdness & Mutations

You have very sharp teeth.
Your uncanny sense of smell can sniff out nearby items.
Your experience applies equally to all skills.


Message History

Duvessa zaps a wand.
The puff of flame hits you!
Duvessa zaps a wand.
The puff of flame hits you but does no damage.
Duvessa zaps a wand.
The puff of flame hits you.
Throw: 5 darts (poison)
Press: ? - help, Q - select action, (/) - cycle Shift-Dir - straight line, f/p - Duvessa
Aim: Duvessa, wielding a +0 rapier, wearing a +0 ring mail and carrying a wand of flame (15) (heavily wounded, very poisoned, 64% to hit)
You throw a poisoned dart.
The poisoned dart barely misses Duvessa.
Throw: 4 darts (poison)
Press: ? - help, Q - select action, (/) - cycle Shift-Dir - straight line, f/p - Duvessa
Aim: Duvessa, wielding a +0 rapier, wearing a +0 ring mail and carrying a wand of flame (15) (heavily wounded, very poisoned, 65% to hit)
You throw a poisoned dart. The poisoned dart hits Duvessa.
Duvessa looks even sicker.
Duvessa is heavily wounded.
Duvessa zaps a wand.
The puff of flame hits you but does no damage.
Duvessa says, "My weaknesses are his strengths!"
Duvessa hits you with a +0 rapier. Duvessa hits you with a +0 rapier!
Your plate armour prevents you from hitting Duvessa.
Duvessa is severely wounded.
Duvessa zaps a wand.
The puff of flame hits you. Duvessa hits you with a +0 rapier.
You hit Duvessa.
Duvessa is severely wounded.
Duvessa zaps a wand.
The puff of flame hits you.
* * * LOW HITPOINT WARNING * * *
Your plate armour prevents you from hitting Duvessa.
Your bite misses Duvessa.
Duvessa is severely wounded.
Duvessa hits you with a +0 rapier.
* * * LOW HITPOINT WARNING * * *
You hit Duvessa but do no damage.
Duvessa is almost dead.
Duvessa completely misses you.
You completely miss Duvessa.
Duvessa is almost dead.
Duvessa hits you with a +0 rapier!
You die...

#(# #.# #.####.# ∆
.#######......#
.........###### ###
.#######.# #.. #..# #.# #.#
#..# #e########.# ###..#
#@......##.# #....#
#######.##.# #....# #.##.#
#..#.### #.##.## . ##..#...##
##.#...## . ##...#....######
#....#..#
.##....#.##......####..#....#
........####...........##.#.#
#.#.)..#.###..##.#####.##.#.#


You could see Duvessa (poisoned).

Vanquished Creatures
  A hound (D:4)
  Natasha (twice) (D:2)
  An iguana (D:4)
  Terence (D:2)
  Robin (D:4)
  4 dart slugs
  An orc (D:3)
  9 bats
  4 endoplasms
  3 giant cockroaches
  14 goblins
  9 hobgoblins
  4 jackals (D:2)
  5 quokkas
  5 ball pythons
  2 frilled lizards (D:1)
  5 kobolds
  4 rats
75 creatures vanquished.

Notes
Turn   | Place    | Note
-------+----------+-------------------------------------------
     0 | D:1      | funkygono the Gnoll Wanderer began the quest for the Orb.
     0 | D:1      | funkygono set off with the following items: a +2 hand axe,
                  | a +0 robe; and the following spell memorised: Shock; and
                  | the following spells available to memorise: Conjure Flame
     0 | D:1      | Reached XP level 1. HP: 17/17 MP: 6/6
   279 | D:1      | Reached XP level 2. HP: 16/23 MP: 7/7
   791 | D:1      | Reached XP level 3. HP: 11/28 MP: 9/9
  1048 | D:1      | Reached skill level 5 in Spellcasting
  1439 | D:2      | Reached skill level 1 in Invocations
  1845 | D:2      | Noticed Terence
  1855 | D:2      | Killed Terence
  1856 | D:2      | Reached skill level 1 in Short Blades
  1856 | D:2      | Reached skill level 1 in Long Blades
  1856 | D:2      | Reached skill level 1 in Maces & Flails
  1856 | D:2      | Reached skill level 1 in Polearms
  1856 | D:2      | Reached skill level 1 in Staves
  1856 | D:2      | Reached skill level 1 in Slings
  1856 | D:2      | Reached skill level 1 in Bows
  1856 | D:2      | Reached skill level 1 in Crossbows
  1856 | D:2      | Reached skill level 1 in Dodging
  1856 | D:2      | Reached skill level 1 in Stealth
  1856 | D:2      | Reached skill level 1 in Unarmed Combat
  1856 | D:2      | Reached skill level 1 in Evocations
  1856 | D:2      | Reached XP level 4. HP: 30/34 MP: 11/11
  1996 | D:2      | Noticed Natasha
  2014 | D:2      | Killed Natasha
  2015 | D:2      | Reached skill level 1 in Conjurations
  2015 | D:2      | Reached skill level 1 in Hexes
  2015 | D:2      | Reached skill level 1 in Summonings
  2015 | D:2      | Reached skill level 1 in Necromancy
  2015 | D:2      | Reached skill level 1 in Translocations
  2015 | D:2      | Reached skill level 1 in Transmutations
  2015 | D:2      | Reached skill level 1 in Fire Magic
  2015 | D:2      | Reached skill level 1 in Air Magic
  2015 | D:2      | Reached skill level 1 in Earth Magic
  2015 | D:2      | Reached skill level 1 in Poison Magic
  2089 | D:2      | Noticed Natasha
  2100 | D:2      | Killed Natasha
  2101 | D:2      | Reached XP level 5. HP: 22/40 MP: 12/12
  2690 | D:3      | Found a shimmering blue altar of Sif Muna.
  3107 | D:3      | Found a faded altar of an unknown god.
  3177 | D:4      | Noticed Robin
  3591 | D:4      | Killed Robin
  3709 | D:4      | Noticed Duvessa
  3713 | D:4      | Reached XP level 6. HP: 40/47 MP: 13/13
  3783 | D:4      | Slain by Duvessa

Illustrated notes

Levels and vault maps discovered:
D:1:      lightli_arrival_boilingwater, layout_loops_ring
D:2:      layout_rooms, uniq_terence, uniq_natasha
D:3:      layout_rooms, overflow_temple_1_default,
          shapermc_ecumenical_altar_mp_urbaneastern, minmay_unequal
D:4:      layout_loops_ring, kennysheep_mini_moat,
          gammafunk_temple_overflow_claw, minmay_temple_entry_fiery, uniq_ijyb,
          uniq_robin, uniq_duvessa

Skill      XL: |  1  2  3  4  5 |
---------------+----------------+-----
Ice Magic      | 2 |  2.5
Spellcasting   | 5 |  5.3
Invocations    | 1 2 |  2.0
Short Blades   | 1 |  1.7
Long Blades    | 1 |  1.7
Maces & Flails | 1 |  1.7
Polearms       | 1 |  1.7
Staves         | 1 |  1.7
Slings         | 1 |  1.7
Bows           | 1 |  1.7
Crossbows      | 1 |  1.7
Dodging        | 1 |  1.7
Stealth        | 1 |  1.7
Unarmed Combat | 1 |  1.7
Evocations     | 1 |  1.7
Conjurations   | 1 |  1.3
Hexes          | 1 |  1.3
Summonings     | 1 |  1.3
Necromancy     | 1 |  1.3
Translocations | 1 |  1.3
Transmutations | 1 |  1.3
Fire Magic     | 1 |  1.3
Air Magic      | 1 |  1.3
Earth Magic    | 1 |  1.3
Poison Magic   | 1 |  1.3
Fighting       | 3 |  3.1
Throwing       | 3 |  3.1
Shields        | 3 |  3.1
Axes           | |  4.9
Armour         | |  4.9

Action                   |  1- 3 |  4- 6 || total
-------------------------+-------+-------++-------
Melee: Hand axe          |   110 |    53 ||   163
       Bite              |     4 |     7 ||    11
       Flail             |       |    41 ||    41
Throw: Dart              |     7 |    56 ||    63
  Use: Scroll            |     1 |     6 ||     7
 Stab: Sleeping          |     2 |       ||     2
Armor: Robe              |    21 |       ||    21
       Plate armour      |    47 |   117 ||   164
Dodge: Dodged            |    41 |    21 ||    62

Table legend: (Time is in decaauts)
 A = Elapsed time spent in this place.
 B = Non-inter-level travel time spent in this place.
 C = Inter-level travel time spent in this place.
 D = Time resting spent in this place.
 E = Time spent auto-exploring this place.
 F = Levels seen in this place.
 G = Mean time per level.
                   A        B        C        D        E       F      G
               +--------+--------+--------+--------+--------+-----+--------+
         Total |   3805 |   3701 |    104 |    355 |   2690 |   4 |  951.2 |
       Dungeon |   3805 |   3701 |    104 |    355 |   2690 |   4 |  951.2 |
               +--------+--------+--------+--------+--------+-----+--------+

Top non-repeatable levels by time:
     D:1: 1396 daAuts
     D:3: 1170 daAuts
     D:2: 998 daAuts
     D:4: 240 daAuts
